 Dungeon Crawl Stone Soup version 0.29.1-1-gd02db6906a (webtiles) character file.

Game seed: 4146265146079546971

26 Icepheonix32 the Insei (level 3, -6/26 HPs)
             Began as a Merfolk Transmuter on Oct 5, 2022.
             Mangled by a gnoll
             ... wielding a +0 spear of venom
              (7 damage)
             ... on level 2 of the Dungeon.
             The game lasted 00:01:21 (1349 turns).

Icepheonix32 the Insei (Merfolk Transmuter)         Turns: 1349, Time: 00:01:22

Health: -6/26      AC:  3    Str: 10    XL:     3   Next: 8%
Magic:  6/6        EV: 13    Int: 14    God:
Gold:   54         SH:  0    Dex: 14    Spells: 5/6 levels left

rFire   . . .      SeeInvis .     - Unarmed
rCold   . . .      Faith    .   (no shield)
rNeg    . . .      Spirit   .   a - +0 robe
rPois   .          Reflect  .   (no helmet)
rElec   .          Harm     .   (no cloak)
rCorr   .          Rampage  .   e - +0 pair of gloves
Will    .....                   (no boots)
Stlth   +.........              (no amulet)
HPRegen 0.08/turn               (no ring)
MPRegen 0.10/turn               (no ring)

@: brilliant, lethally poisoned (-6 -> -12)
A: (nimble swimmer 2), mertail
a: no special abilities


You were on level 2 of the Dungeon.
You visited 1 branch of the dungeon, and saw 2 of its levels.

You collected 54 gold pieces.

Inventory:

Armour
 a - a +0 robe (worn)
 e - a +0 pair of gloves (worn)
Jewellery
 k - a +4 ring of slaying
Scrolls
 c - a scroll of vulnerability {unknown}
 g - 2 scrolls of poison {unknown}
 h - 3 scrolls of magic mapping {unknown}
Potions
 b - a potion of lignification
 j - a potion of magic {unknown}


   Skills:
 + Level 1.1 Fighting
 + Level 3.1 Dodging
 + Level 3.9 Unarmed Combat
 + Level 2.2 Spellcasting
 * Level 3.2 Transmutations


You had 5 spell levels left.
You knew the following spells:

 Your Spells              Type           Power      Damage    Failure   Level
a - Beastly Appendage     Tmut           30%        N/A       6%          1

Your spell library contained the following spells:

 Spells                   Type           Power      Damage    Failure   Level
 Wereblood                Tmut           15%        N/A       10%         2
 Spider Form              Tmut/Pois      9%         N/A       36%         3
 Ice Form                 Ice/Tmut       9%         N/A       77%         4


Dungeon Overview and Level Annotations

Branches:
Dungeon (2/15)

Altars:


Innate Abilities, Weirdness & Mutations

((You are very nimble when in or above water. (Stealth+, EV+, Speed+++)))
Your lower body shifts to a powerful aquatic tail in water.


Message History

The gnoll shouts!
You hear a shout!
A gnoll comes into view. It is wielding a +0 spear.
You hear a shout!
Your transformation is almost over.
An endoplasm comes into view.
The endoplasm closely misses you.
You hit the endoplasm but do no damage. You headbutt the endoplasm.
You kill the endoplasm!
A rat comes into view.
It was a potion of cancellation.
Your magical effects are unravelling.
You feel magically purged.
Your horns disappear.
The gnoll hits you with a +0 spear.
The gnoll hits you from afar with a +0 spear of venom.
You are poisoned.
Casting: Beastly Appendage (safe; 6% risk of failure)
Confirm with . or Enter, or press ? or * to list all spells.
You don't know that spell.
You hit the gnoll but do no damage.
You feel very sick.
A gnoll comes into view. It is wielding a +0 spear.
The gnoll completely misses you. The gnoll closely misses you.
It was a potion of brilliance.
You feel clever all of a sudden.
You feel sick.
A gnoll comes into view. It is wielding a +0 hand axe.
The gnoll misses you.
The gnoll hits you from afar with a +0 spear of venom.
You are lethally poisoned!
You feel better. The gnoll hits you with a +0 spear.
The gnoll hits you from afar with a +0 spear of venom.
You are poisoned.
You closely miss the gnoll.
You feel sick.
The gnoll shouts!
The gnoll closely misses you. The gnoll misses you.
You closely miss the gnoll.
You feel sick. The gnoll hits you with a +0 spear!
* * * LOW HITPOINT WARNING * * *
The gnoll hits you from afar with a +0 spear of venom!
You die...

## ... ..r.#####
........#
........# #.####
#.#####@#..
.......g#.# .#
#.#####g#.## ##.##
#g..)## #...
##g....## #..###
###.......###..#..
#..............#.#
#?#.......##...#.#
#.##...........#.#


You could see 4 gnolls.

Vanquished Creatures
  5 bats
  2 endoplasms (D:2)
  2 giant cockroaches (D:1)
  A hobgoblin (D:1)
  4 jackals (D:1)
  3 ball pythons (D:1)
  A frilled lizard (D:1)
  A goblin (D:1)
  2 kobolds (D:1)
  3 rats
24 creatures vanquished.

Notes
Turn   | Place    | Note
-------+----------+-------------------------------------------
     0 | D:1      | Icepheonix32 the Merfolk Transmuter began the quest for the
                  | Orb.
     0 | D:1      | Reached XP level 1. HP: 15/15 MP: 3/3
   237 | D:1      | Reached XP level 2. HP: 16/21 MP: 3/5
  1235 | D:2      | Found a faded altar of an unknown god.
  1257 | D:2      | Reached XP level 3. HP: 23/26 MP: 4/6
  1349 | D:2      | HP: 1/26 [gnoll/+0 spear (9)]
  1349 | D:2      | Mangled by a gnoll

Illustrated notes

Levels and vault maps discovered:
D:1:      dpeg_arrival_line_fractal, layout_basic, serial_corexii_hall,
          corexii_hall_statues_u, corexii_hall_statues_l, minmay_tetromino_i4
D:2:      layout_loops_ring, ebering_ecumenical_altar_webs,
          wad_floor_pattern_untrapped, uniq_terence

Skill      XL: |  1  2 |
---------------+-------+-----
Transmutations | 3 |  3.2
Dodging        | 3 |  3.1
Fighting       | |  1.1
Unarmed Combat | |  3.9
Spellcasting   | |  2.2

Action                   || total
-------------------------++-------
Melee: Unarmed           ||    72
       Headbutt          ||     7
 Cast: Beastly Appendage ||    17
  Use: Potion            ||     4
 Stab: Sleeping          ||     3
Armor: Robe              ||    26
Dodge: Dodged            ||    46
